 Dungeon Crawl Stone Soup version 0.30-a0-840-ga523dec638 (webtiles) character file.

Game seed: 3241853824290900028

69 xian the Chiller (level 4, 0/24 HPs)
             Began as a Deep Elf Ice Elementalist on Mar 2, 2023.
             Slain by Grinder (6 damage)
             ... on level 3 of the Dungeon.
             The game lasted 00:03:39 (2214 turns).

xian the Chiller (Deep Elf Ice Elementalist)        Turns: 2214, Time: 00:03:40

Health: 0/24       AC:  9    Str:  5    XL:     4   Next: 2%
Magic:  1/12       EV: 12    Int: 22    God:
Gold:   105        SH:  0    Dex: 21    Spells: 4/11 levels left

rFire   . . .      SeeInvis .    c - +0 dagger
rCold   . . .      Faith    .    (no shield)
rNeg    . . .      Spirit   .    l - +0 leather armour
rPois   .          Reflect  .    (no helmet)
rElec   .          Harm     .    (no cloak)
rCorr   .          Rampage  .    h - +0 pair of gloves
Will    .....                    (no boots)
Stlth   ++                       (no amulet)
HPRegen 0.24/turn                a - +6 ring of dexterity
MPRegen 0.13/turn                n - +4 ring of slaying

@: ice-armoured
A: no striking features
a: no special abilities


You were on level 3 of the Dungeon.
You visited 1 branch of the dungeon, and saw 3 of its levels.

You collected 105 gold pieces.

Inventory:

Hand Weapons
 c - a +0 dagger (weapon)
Armour
 h - a +0 pair of gloves (worn)
 l - a +0 leather armour (worn)
Magical Staves
 e - a staff of earth
Jewellery
 a - a +6 ring of dexterity (left hand)
 n - a +4 ring of slaying (right hand)
Scrolls
 d - a scroll of fear {unknown}
 i - 2 scrolls of identify {unknown}
 j - a scroll of enchant weapon {unknown}
 k - a scroll of enchant armour {unknown}
 m - a scroll of fog {unknown}
 o - a scroll of teleportation {unknown}
Potions
 b - a potion of magic
 f - a potion of lignification {unknown}
 g - a potion of brilliance {unknown}
 p - a potion of degeneration {unknown}


   Skills:
 + Level 0.3 Armour
 + Level 2.5 Dodging
 + Level 2.6 Stealth
 + Level 4.3 Spellcasting
 + Level 5.3 Ice Magic


You had 4 spell levels left.
You knew the following spells:

 Your Spells              Type           Power      Damage    Failure   Level
a - Freeze                Ice            100%       1d10      1%          1
b - Frozen Ramparts       Ice            56%        1d9       6%          3
c - Ozocubu's Armour      Ice            28%        N/A       6%          3

Your spell library contained the following spells:

 Spells                   Type           Power      Damage    Failure   Level
 Tukima's Dance           Hex            4%         N/A       50%         3
 Summon Ice Beast         Ice/Summ       16%        N/A       52%         4
 Passage of Golubria      Tloc           4%         N/A       88%         4
 Yara's Violent Unravell  Hex/Tmut       2%         3d3       99%         5


Dungeon Overview and Level Annotations

Branches:
Dungeon (3/15)

Altars:

Annotations:
D:3 Grinder


Message History

You closely miss Grinder.
Grinder is lightly wounded.
Grinder resists.
The wall freezes Grinder.
Grinder barely misses you.
You hit Grinder.
Grinder is moderately wounded.
The wall freezes Grinder but does no damage.
Grinder hits you but does no damage.
You hit Grinder but do no damage.
Grinder is moderately wounded.
Grinder resists.
The wall freezes Grinder.
Grinder misses you.
You hit Grinder.
Grinder is moderately wounded.
Grinder resists.
The wall freezes Grinder.
Grinder hits you but does no damage.
You hit Grinder.
Grinder is heavily wounded.
The frozen ramparts melt away.
Grinder gestures at you.
You barely resist. You hit Grinder.
Grinder is heavily wounded.
Grinder closely misses you.
You barely miss Grinder.
Grinder is heavily wounded.
Grinder hits you but does no damage.
Casting: Freeze (safe; 1% risk of failure)
Confirm with . or Enter, or press ? or * to list all spells.
The spell is quite dangerous to miscast (6% risk of failure)!
Continue anyway?
Your icy armour thickens.
Grinder closely misses you.
You hit Grinder.
Grinder is heavily wounded.
Grinder hits you.
You writhe in agony.
You hit Grinder.
Grinder is severely wounded.
Grinder hits you but does no damage.
You hit Grinder.
Grinder is severely wounded.
Grinder hits you!
* * * LOW HITPOINT WARNING * * *
You writhe in agony.
You die...

# .# .. .#
##########..# #
........5...#.#
#.....@# ...
######.###....
#.............
+.............
+.####.##.....
+.............
#..<.........#
#####........#
##.##.##.#


You could see Grinder.

Vanquished Creatures
  4 adders
  A worm (D:2)
  3 endoplasms
  A giant cockroach (D:1)
  5 goblins
  4 hobgoblins
  2 kobolds (D:1)
  A quokka (D:1)
  3 ball pythons (D:1)
  2 bats (D:1)
  6 frilled lizards
32 creatures vanquished.

Notes
Turn   | Place    | Note
-------+----------+-------------------------------------------
     0 | D:1      | xian the Deep Elf Ice Elementalist began the quest for the
                  | Orb.
     0 | D:1      | Reached XP level 1. HP: 10/10 MP: 6/6
   260 | D:1      | Reached XP level 2. HP: 15/15 MP: 6/8
   671 | D:1      | Reached skill level 5 in Ice Magic
  1195 | D:2      | Reached XP level 3. HP: 16/19 MP: 6/10
  1199 | D:2      | Learned a level 3 spell: Frozen Ramparts
  1203 | D:2      | Learned a level 3 spell: Ozocubu's Armour
  1285 | D:2      | Found a faded altar of an unknown god.
  2179 | D:3      | Noticed Grinder
  2188 | D:3      | Reached XP level 4. HP: 24/24 MP: 8/12
  2198 | D:3      | Paralysed by Grinder for 4 turns
  2214 | D:3      | Slain by Grinder

Illustrated notes

Levels and vault maps discovered:
D:1:      evilmike_arrival_fibonacci_small, layout_loops_cross
D:2:      layout_basic, basic_ecumenical_altar, minmay_misc_feat_rows,
          minivault_14, kennysheep_generic_room_15
D:3:      layout_basic, nicolae_dithmenos_the_darkroom,
          mainiacjoe_overflow_alcove_4, uniq_grinder, uniq_jessica, uniq_pargi

Skill      XL: |  1  2  3 |
---------------+----------+-----
Ice Magic      | 5 |  5.3
Spellcasting   | 4 |  4.3
Armour         | |  0.3
Dodging        | |  2.5
Stealth        | |  2.6

Action                     |  1- 3 |  4- 6 || total
---------------------------+-------+-------++-------
  Melee: Dagger            |    10 |    13 ||    23
   Cast: Freeze            |    41 |     1 ||    42
         Frozen Ramparts   |     1 |     1 ||     2
         Ozocubu's Armour  |       |     2 ||     2
   Stab: Sleeping          |     1 |       ||     1
 Armour: Robe              |     1 |       ||     1
         Leather armour    |    10 |     4 ||    14
  Dodge: Dodged            |    30 |     6 ||    36

Table legend: (Time is in decaauts)
 A = Elapsed time spent in this place.
 B = Non-inter-level travel time spent in this place.
 C = Inter-level travel time spent in this place.
 D = Time resting spent in this place.
 E = Time spent auto-exploring this place.
 F = Levels seen in this place.
 G = Mean time per level.
                   A        B        C        D        E       F      G
               +--------+--------+--------+--------+--------+-----+--------+
         Total |   2212 |   2135 |     77 |      0 |   1742 |   3 |  737.3 |
       Dungeon |   2212 |   2135 |     77 |      0 |   1742 |   3 |  737.3 |
               +--------+--------+--------+--------+--------+-----+--------+

Top non-repeatable levels by time:
     D:2: 1260 daAuts
     D:1: 915 daAuts
     D:3: 36 daAuts
